 Dungeon Crawl Stone Soup version 0.31-a0-152-g6aa68a64a1 (webtiles) character file.

Game seed: 3416144203892941778

208 comborobin the Magician (level 5, -1/31 HPs)
             Began as a Deep Elf Delver on June 10, 2023.
             Slain by a phantom (4 damage)
             ... on level 4 of the Dungeon.
             The game lasted 00:03:36 (995 turns).

comborobin the Magician (Deep Elf Delver)            Turns: 995, Time: 00:03:36

Health: -1/31      AC:  2    Str:  9    XL:     5   Next: 55%
Magic:  5/5        EV: 13    Int: 17    God:
Gold:   55         SH:  0    Dex: 19    Spells: 14/18 levels left

rFire   . . .        f - +5 mace of Green Tender Mercy {antimagic, rCorr Dex+3}
rCold   . . .        (no shield)
rNeg    . . .        o - +0 robe
rPois   +            (no helmet)
rElec   .            (no cloak)
rCorr   +            (no gloves)
SInv    .            (no boots)
Will    +....        (no amulet)
Stlth   +++          m - ring of poison resistance
HPRegen 0.25/turn    (no ring)
MPRegen 0.09/turn

%: no passive effects
@: enlightened, flying
A: no striking features
a: no special abilities


You were on level 4 of the Dungeon.
You visited 1 branch of the dungeon, and saw 4 of its levels.

You collected 55 gold pieces.

Inventory:

Hand Weapons
 a - a +0 short sword
 f - the +5 mace of Green Tender Mercy (weapon) {antimagic, rCorr Dex+3}
   (You found it on level 5 of the Dungeon)

   Dex:       It affects your dexterity (+3).
   rCorr:     It protects you from acid and corrosion.
 n - a +0 whip of electrocution
Missiles
 i - 3 poisoned darts (quivered)
Armour
 b - a +0 leather armour
 o - a +0 robe (worn)
Jewellery
 m - a ring of poison resistance (left hand)
Wands
 g - a wand of digging (1)
Scrolls
 c - a scroll of fog
 h - a scroll of identify {unknown}
 k - a scroll of magic mapping
 p - a scroll of acquirement {unknown}
Potions
 d - a potion of cancellation


   Skills:
 - Level 2.4 Fighting
 - Level 2.0 Short Blades
 - Level 2.4 Dodging
 - Level 6.0 Stealth
 - Level 7.2 Spellcasting
 + Level 0.0 Conjurations
 + Level 0.0 Air Magic
 + Level 0.0 Poison Magic


You had 14 spell levels left.
You knew the following spells:

 Your Spells              Type           Power      Damage    Failure   Level
a - Magic Dart            Conj           24%        1d4       12%         1
e - Mephitic Cloud        Conj/Pois/Air  6%         N/A       34%         3

Your spell library contained the following spells:

 Spells                   Type           Power      Damage    Failure   Level
 Call Imp                 Summ           12%        N/A       17%         2
 Vhi's Electric Charge    Tloc/Air       12%        N/A       34%         3
 Arcjolt                  Conj/Air       3%         1d13      97%         5
 Maxwell's Capacitive Co  Air            3%         ∞         100%        8


Dungeon Overview and Level Annotations

Branches:
Dungeon (6/15)
 Temple: D:4-7

Altars:
Elyvilon

Annotations:
D:4 1 runed translucent door, Crazy Yiuf


Message History

There is an open gate here.
A phantom comes into view.
A phantom is nearby!
The phantom hits you.
The phantom blinks!
You blink.
A hound comes into view.
Aiming: Corrosive Bolt
Press: ? - help, Shift-Dir - straight line, f - phantom
Aim: a phantom (60% to hit)
The bolt of acid hits the phantom!
The acid corrodes the phantom!
The phantom is heavily damaged.
The now-empty wand crumbles to dust.
The hound barks!
The phantom misses you.
Unknown command.
You hit the phantom.
The phantom is heavily damaged.
The phantom closely misses you. The phantom hits you! The hound bites you.
It was a potion of magic.
Magic courses through your body. The hound bites you.
The phantom hits you but does no damage.
You sock the phantom!
The phantom is severely damaged.
The hound bites you.
The phantom hits you but does no damage.
The hound barely misses you.
Okay, then.
You completely miss the phantom.
The phantom is severely damaged.
The hound closely misses you. The phantom hits you.
* * * LOW HITPOINT WARNING * * *
The phantom blinks!
You blink.
The phantom hits you.
* * * LOW HITPOINT WARNING * * *
The phantom blinks!
You blink.
It was a potion of cancellation.
You feel magically purged.
The hound stops to sniff the ground.
The hound bites you but does no damage.
The phantom hits you but does no damage.
It was a potion of enlightenment.
You feel very buoyant.
You fly up into the air.
The hound barely misses you. The phantom hits you.
You die...

#.'.≈.'.##....<##.##...
#.#...#...........#....
#.#+++###.............#
#.# ##.#.#......... #.#
######.##.###..## #.#
...##.#..###.### #.#
###..#......##...# #.#
#W...........#...#
#.####@..§........#....
#!.....h............#..
###.##....#.....##.##..
#.......#.....##.....
######.#......#...#..
####....>#...##.
##.###.......
######........
#.#.###.......


You could see a phantom (corroded) and a hound.

Vanquished Creatures
  An ogre (D:4)
  A hound (D:4)
  A jelly (D:4)
  An orc wizard (D:4)
  A gnoll (D:3)
  An adder (D:3)
  9 orcs
  2 ball pythons
  An endoplasm (D:3)
  A hobgoblin (D:4)
  3 jackals (D:4)
  A frilled lizard (D:3)
  A kobold (D:4)
24 creatures vanquished.

Notes
Turn   | Place    | Note
-------+----------+-------------------------------------------
     0 | D:5      | comborobin the Deep Elf Delver began the quest for the Orb.
     0 | D:5      | Reached XP level 1. HP: 13/13 MP: 3/3
    16 | D:5      | Noticed a scorpion
    25 | D:5      | Noticed a scorpion
   130 | D:5      | Identified the +5 mace of Green Tender Mercy {antimagic,
                  | rCorr Dex+3}
   202 | D:4      | Found a runed translucent door.
   203 | D:4      | Noticed Crazy Yiuf
   208 | D:4      | Reached skill level 1 in Spellcasting
   216 | D:4      | Learned a level 1 spell: Magic Dart
   229 | D:4      | Noticed an ice beast
   260 | D:4      | Reached skill level 2 in Spellcasting
   328 | D:4      | Noticed a jelly
   334 | D:4      | Killed a jelly
   335 | D:4      | Reached skill level 3 in Spellcasting
   335 | D:4      | Reached XP level 2. HP: 16/18 MP: 1/8
   335 | D:4      | Reached XP level 3. HP: 19/22 MP: 1/10
   339 | D:4      | Learned a level 3 spell: Mephitic Cloud
   361 | D:4      | Noticed an ogre
   383 | D:4      | Killed an ogre
   384 | D:4      | Reached skill level 5 in Spellcasting
   384 | D:4      | Reached XP level 4. HP: 27/27 MP: 3/13
   491 | D:3      | Reached skill level 6 in Spellcasting
   679 | D:4      | Reached skill level 7 in Spellcasting
   679 | D:4      | Reached XP level 5. HP: 11/31 MP: 4/16
   974 | D:4      | Found a white marble altar of Elyvilon.
   986 | D:4      | Noticed a phantom
   995 | D:4      | Slain by a phantom

Illustrated notes

Levels and vault maps discovered:
D:3:      layout_basic, ebering_dispersal_statue_hall
D:4:      layout_cave_pools, mainiacjoe_overflow_big_doors, glass_columns_b,
          uniq_crazy_yiuf_cottage
D:5:      layout_basic, portal_sewer_entry_d, gammafunk_ghost_arena
D:6:      layout_gridville, lemuel_crystal_altar,
          worldfamousw_hep_ancestral_shrine, kennysheep_small_spiral

Skill      XL: |  1  2  3  4 |
---------------+-------------+-----
Spellcasting   | 3 5 7 |  7.2
Fighting       | |  2.4
Short Blades   | |  2.0
Dodging        | |  2.4
Stealth        | |  6.0

Action                     |  1- 3 |  4- 6 || total
---------------------------+-------+-------++-------
  Melee: Mace              |    18 |    24 ||    42
  Throw: Dart              |     4 |       ||     4
  Evoke: Wand              |     2 |     5 ||     7
    Use: Scroll            |     1 |     1 ||     2
         Potion            |     1 |     3 ||     4
   Stab: Sleeping          |     1 |     1 ||     2
 Armour: Leather armour    |     7 |    10 ||    17
         Robe              |       |     4 ||     4
  Dodge: Dodged            |    18 |    31 ||    49

Table legend: (Time is in decaauts)
 A = Elapsed time spent in this place.
 B = Non-inter-level travel time spent in this place.
 C = Inter-level travel time spent in this place.
 D = Time resting spent in this place.
 E = Time spent auto-exploring this place.
 F = Levels seen in this place.
 G = Mean time per level.
                   A        B        C        D        E       F      G
               +--------+--------+--------+--------+--------+-----+--------+
         Total |    993 |    969 |     24 |    242 |    215 |   4 |  248.2 |
       Dungeon |    993 |    969 |     24 |    242 |    215 |   4 |  248.2 |
               +--------+--------+--------+--------+--------+-----+--------+

Top non-repeatable levels by time:
     D:4: 478 daAuts
     D:3: 407 daAuts
     D:5: 99 daAuts
     D:6: 7 daAuts
